 Dungeon Crawl Stone Soup version 0.31-a0-278-g485e682e34 (webtiles) character file.

Game seed: 9625619765680682410

4 Morbidden the Changeling (level 1, 0/16 HPs)
             Began as a Demonspawn Shapeshifter on July 16, 2023.
             Slain by a quokka (2 damage)
             ... on level 1 of the Dungeon.
             The game lasted 00:00:47 (56 turns).

Morbidden the Changeling (Demonspawn Shapeshifter)    Turns: 56, Time: 00:00:47

Health: 0/16       AC:  2    Str: 21    XL:     1   Next: 50%
Magic:  1/1        EV: 12    Int:  9    God:
Gold:   0          SH:  0    Dex: 13    Spells: 0/0 levels left

rFire   . .          .
                       - Unarmed
rCold   . . .        (no shield)
rNeg    . . .        a - +0 animal skin
rPois   .            (helmet currently unavailable)
rElec   .            (cloak currently unavailable)
rCorr   .            (gloves currently unavailable)
SInv    .            (boots currently unavailable)
Will    .....        (no amulet)
Stlth   +            d - +6 ring of strength
HPRegen 0.22/turn    (no ring)
MPRegen 0.07/turn

%: no passive effects
@: beast-form
A: beast (slay +1)
a: Begin Untransformation


You were on level 1 of the Dungeon.
You were a hulking beast.
You visited 1 branch of the dungeon, and saw 1 of its levels.

Inventory:

Armour
 a - a +0 animal skin (worn)
Jewellery
 d - a +6 ring of strength (left hand)
Talismans
 c - a beast talisman
Scrolls
 e - a scroll of revelation {unknown}
Potions
 b - a potion of lignification


   Skills:
 * Level 2.0 Fighting
 * Level 1.8 Dodging
 * Level 1.8 Unarmed Combat
 * Level 2.8 Shapeshifting


You couldn't memorise any spells.
You didn't know any spells.
Your spell library was empty.

Dungeon Overview and Level Annotations

Branches:
Dungeon (1/15)

Altars:


Message History

The kobold is heavily wounded.
The kobold hits you with a +0 club.
You hit the kobold but do no damage.
The kobold is heavily wounded.
The kobold barely misses you.
You hit the kobold.
You kill the kobold!
No target in view!
No target in view!
No target in view!
No target in view!
No target in view!
No target in view!
e - a scroll labelled NAMIPO VOGE
Found 3 scrolls labelled NIGOCO ISIESCH.
A hobgoblin comes into view.
An endoplasm comes into view.
Found a fizzy cyan potion.
You see here 3 scrolls labelled NIGOCO ISIESCH.
Found a scroll labelled KAINLU PERPH.
The hobgoblin shouts!
The endoplasm quivers.
The endoplasm hits you.
You hit the endoplasm.
The endoplasm is severely wounded.
The endoplasm freezes you.
You are frozen.
You hit the endoplasm.
You kill the endoplasm!
A quokka comes into view. x2
The hobgoblin barely misses you.
You hit the hobgoblin but do no damage. The hobgoblin hits you.
You hit the hobgoblin.
You kill the hobgoblin!
The quokka attacks as you move away! The quokka bites you.
The quokka attacks as you move away! The quokka bites you.
* * * LOW HITPOINT WARNING * * *
The quokka attacks as you move away! The quokka misses you.
The quokka attacks as you move away! The quokka bites you.
You die...

###..r...####
.........?..#
.....#....###
......)##..#
...........#
#..##...r######
##.##.........#
#........r...#
####....)h...#
#.........#
#.#######.# #.
#.# #. #.# ####
#.###≈≈≈♣##
#.##≈≈~♣.>#
#.##♣♣♣..###
#..'......<#


You could see 2 quokkas.

Vanquished Creatures
  An endoplasm (D:1)
  A hobgoblin (D:1)
  A kobold (D:1)
3 creatures vanquished.

Notes
Turn   | Place    | Note
-------+----------+-------------------------------------------
     0 | D:1      | Morbidden the Demonspawn Shapeshifter began the quest for
                  | the Orb.
     0 | D:1      | Reached XP level 1. HP: 16/16 MP: 1/1
    56 | D:1      | Slain by a quokka

Illustrated notes

Levels and vault maps discovered:
D:1:      saegor_arrival_simple_d, layout_rooms, serial_shops,
          nicolae_shop_gibbet_a_chance, shop

Action                     || total
---------------------------++-------
  Melee: Unarmed           ||     8
  Dodge: Dodged            ||     4

Table legend: (Time is in decaauts)
 A = Elapsed time spent in this place.
 B = Non-inter-level travel time spent in this place.
 C = Inter-level travel time spent in this place.
 D = Time resting spent in this place.
 E = Time spent auto-exploring this place.
 F = Levels seen in this place.
 G = Mean time per level.
                   A        B        C        D        E       F      G
               +--------+--------+--------+--------+--------+-----+--------+
         Total |     55 |     55 |      0 |      0 |     20 |   1 |   55.0 |
       Dungeon |     55 |     55 |      0 |      0 |     20 |   1 |   55.0 |
               +--------+--------+--------+--------+--------+-----+--------+

Top non-repeatable levels by time:
     D:1: 55 daAuts
